 Dungeon Crawl Stone Soup version 0.19.1 (console) character file.

372 Morrissey the Archer (level 6, 0/47 HPs)
             Began as a Centaur Arcane Marksman on Dec 23, 2016.
             Was a Follower of Okawaru.
             Slain by a scorpion (5 damage)
             ... on level 5 of the Dungeon.
             The game lasted 00:12:00 (3760 turns).

Morrissey the Archer (Centaur Arcane Marksman)      Turns: 3760, Time: 00:12:00

Health: 0/47       AC:  5    Str: 13    XL:     6   Next: 43%
Magic:  7/7        EV: 10    Int: 12    God:    Okawaru [*.....]
Gold:   176        SH:  0    Dex: 11    Spells: 2 memorised, 4 levels left

rFire  + . .     SeeInvis .     b - +1 dagger (venom)
rCold  . . .     Gourm    .     o - +0 robe (curse)
rNeg   . . .     Faith    .     (no shield)
rPois  .         Spirit   .     (no helmet)
rElec  .         Reflect  .     v - +0 cloak
rCorr  .         Harm     .     (no gloves)
MR     .....                    (no barding)
Stlth  +.........               (no amulet)
                                (no ring)
                                u - ring of protection from fire

@: very quick
A: hooves 3, deformed body, speed 2, tough skin 3
a: Heroism, Renounce Religion


You were on level 5 of the Dungeon.
You worshipped Okawaru.
Okawaru was aware of your devotion.
You were not hungry.

You visited 1 branch of the dungeon, and saw 5 of its levels.

You collected 176 gold pieces.

Inventory:

Hand Weapons
 a - a +0 shortbow
 b - a +1 dagger of venom (weapon)
 s - a +1 dagger of speed
Missiles
 d - 15 arrows
Armour
 o - a cursed +0 robe (worn)
 v - a +0 cloak (worn)
Jewellery
 u - a ring of protection from fire (left hand)
Wands
 p - a wand of iceblast (6/15)
Scrolls
 g - 4 scrolls of random uselessness {unknown}
 q - a scroll of remove curse {unknown}
 r - a scroll of immolation {unknown}
 t - a scroll of magic mapping {unknown}
 w - a scroll of enchant weapon {unknown}
 x - a scroll of teleportation {unknown}
 y - a scroll of enchant armour {unknown}
Potions
 e - 5 potions of curing
 i - a potion of ambrosia {unknown}
 j - a potion of brilliance {unknown}
 k - a potion of flight {unknown}
 l - a potion of agility {unknown}
 n - a potion of berserk rage {unknown}
Books
 c - a book of Debilitation

   Spells                             Type                      Level
   a - Corona                         Hexes                        1
   b - Slow                           Hexes                        2
   c - Gell's Gravitas                Hexes/Translocation          3
   d - Inner Flame                    Hexes/Fire                   3
   e - Cause Fear                     Hexes                        4
   f - Leda's Liquefaction            Hexes/Earth                  4
Comestibles
 f - 2 bread rations
 h - a meat ration
 m - 6 fruits
 z - 2 chunks of flesh


   Skills:
 - Level 1.0 Fighting
 + Level 8.6 Bows
 - Level 1.3 Dodging
 - Level 1.0 Spellcasting
 - Level 3.3 Hexes


You had 4 spell levels left.
You knew the following spells:

 Your Spells              Type           Power        Failure   Level  Hunger
a - Corona                Hex            #......      10%         1    ##.....
b - Slow                  Hex            #.......     12%         2    ###....


Dungeon Overview and Level Annotations

Branches:
Dungeon (5/15)             Temple (0/1) D:5

Altars:
Okawaru

Annotations:
D:4 Eustachio; Tagedieb's ghost, amateur OpEn


Innate Abilities, Weirdness & Mutations

You have hooves in place of feet.
Armour fits poorly on your strangely shaped body.
You cover ground very quickly.
You have extremely tough skin. (AC +3)


Message History

You hit the ooze. You kick the ooze, but do no damage.
The ooze is severely wounded.
You kill the ooze!
Okawaru accepts your kill.
You can now gain great but temporary skills.
Press: ? - help, v - describe, . - travel
Here: an ogre, wielding a giant spiked club (almost dead)
The floor.
You hit the scorpion.
The scorpion is poisoned.
The scorpion is lightly wounded.
The scorpion misses you.
A centaur comes into view.
The centaur shouts!
The centaur wields a shortbow.
The centaur shoots an arrow.
The arrow hits you!
* * * LOW HITPOINT WARNING * * *
Found a robe.
Found a stone staircase leading down and a staircase to the Ecumenical Temple.
You see here an arrow.
The scorpion stings you.
You die...

#############
######........#... ###
#.(...........#...
#...##.####............
#....(.sS.O............
c......#@#########.#....#
[......#.# #.#....#
.........# #s......
.......### #......<
>..>... .......S...
....... ####.......
....... #....... ...
#....... .........


You could see an ogre, a scorpion and an adder.

Vanquished Creatures
  Edmund (D:4)
  A scorpion (D:3)
  Terence (D:2)
  An orc wizard (D:3)
  5 adders
  3 oozes
  2 worms
  A dart slug (D:2)
  A leopard gecko (D:2)
  12 orcs (D:3)
  2 giant cockroaches
  10 goblins
  2 hobgoblins (D:3)
  9 jackals
  11 kobolds
  4 quokkas
  6 bats
  2 frilled lizards
  12 rats
86 creatures vanquished.

Notes
Turn   | Place    | Note
-------+----------+-------------------------------------------
     0 | D:1      | Morrissey the Centaur Arcane Marksman began the quest for the Orb.
     0 | D:1      | Reached XP level 1. HP: 16/16 MP: 2/2
    84 | D:1      | Reached skill level 3 in Bows
   304 | D:1      | Reached XP level 2. HP: 20/23 MP: 3/3
  1314 | D:2      | Reached XP level 3. HP: 18/28 MP: 4/4
  1327 | D:2      | Learned a level 2 spell: Slow
  1738 | D:2      | Noticed Terence
  1756 | D:2      | Killed Terence
  1756 | D:2      | Reached skill level 4 in Bows
  2125 | D:2      | Reached XP level 4. HP: 32/35 MP: 5/5
  2198 | D:2      | Reached skill level 5 in Bows
  2805 | D:3      | Found an iron altar of Okawaru.
  2813 | D:3      | Became a worshipper of Warmaster Okawaru
  2840 | D:3      | Reached skill level 6 in Bows
  2840 | D:3      | Reached XP level 5. HP: 20/40 MP: 6/6
  3130 | D:3      | Reached skill level 7 in Bows
  3512 | D:4      | Noticed Edmund
  3554 | D:4      | Killed Edmund
  3554 | D:4      | Reached skill level 8 in Bows
  3554 | D:4      | Reached XP level 6. HP: 33/47 MP: 7/7
  3625 | D:4      | Noticed Tagedieb's ghost (amateur OpEn)
  3671 | D:4      | Noticed Eustachio
  3726 | D:5      | Entered Level 5 of the Dungeon
  3755 | D:5      | Reached * piety under Okawaru
  3759 | D:5      | Found a staircase to the Ecumenical Temple.
  3760 | D:5      | Slain by a scorpion

Skill      XL: |  1  2  3  4  5 |
---------------+----------------+-----
Bows           | 3 4 6 8 |  8.6
Hexes          | 3 |  3.3
Fighting       | |  1.0
Dodging        | |  1.3
Spellcasting   | |  1.0

Action                   |  1- 3 |  4- 6 || total
-------------------------+-------+-------++-------
Melee: Unarmed           |    35 |       ||    35
       Kick              |    21 |    33 ||    54
       Dagger            |   110 |   151 ||   261
 Fire: Shortbow          |     4 |    14 ||    18
Evoke: Wand              |     1 |       ||     1
  Use: Potion            |       |     1 ||     1
  Eat: Chunk             |     3 |     4 ||     7
Armor: Robe              |    53 |    38 ||    91
Dodge: Dodged            |    53 |    80 ||   133
